 Dungeon Crawl Stone Soup version 0.29.0-4-gdea44cf6ec (webtiles) character file.

Game seed: 7090962909648390044

81 qw the Chopper (level 4, -1/26 HPs)
             Began as a Tengu Warper on Aug 28, 2022.
             Killed by divine providence
             ... invoked by an orc priest
              (13 damage)
             ... on level 4 of the Dungeon.
             The game lasted 00:00:18 (3242 turns).

qw the Chopper (Tengu Warper)                       Turns: 3242, Time: 00:00:19

Health: -1/26      AC:  5    Str: 13    XL:     4   Next: 40%
Magic:  8/8        EV: 11    Int: 13    God:
Gold:   100        SH:  0    Dex: 14    Spells: 7/7 levels left

rFire   . . .      SeeInvis .   Y - +0 broad axe
rCold   . . .      Faith    .   (no shield)
rNeg    . . .      Spirit   .   d - +0 ring mail
rPois   .          Reflect  .   (helmet restricted)
rElec   .          Harm     .   (no cloak)
rCorr   .          Rampage  .   (no gloves)
Will    .....                   (boots unavailable)
Stlth   +.........              (no amulet)
HPRegen 0.08/turn               (no ring)
MPRegen 0.11/turn               (no ring)

@: no status effects
A: beak, talons 3
a: no special abilities


You were on level 4 of the Dungeon.
You visited 1 branch of the dungeon, and saw 4 of its levels.

You collected 100 gold pieces.


Innate Abilities, Weirdness & Mutations

You have a beak for a mouth.
You have claws for feet.


   Skills:
 - Level 2.0 Fighting
 + Level 5.0 Axes
 - Level 1.0 Throwing
 - Level 1.1 Armour
 - Level 2.1 Dodging
 - Level 2.0 Spellcasting
 - Level 2.4 Translocations


You had 7 spell levels left.
You didn't know any spells.
Your spell library contained the following spells:

 Spells                   Type           Power      Damage    Failure   Level
 Blink                    Tloc           14%        N/A       30%         2
 Gell's Gravitas          Tloc           7%         N/A       52%         3
 Lesser Beckoning         Tloc           7%         N/A       52%         3
 Teleport Other           Tloc           7%         N/A       52%         3
 Manifold Assault         Tloc           7%         N/A       99%         5

Inventory:

Hand Weapons
 e - a +0 morningstar
 Y - a +0 broad axe (weapon)
Missiles
 c - 2 boomerangs
 l - 2 javelins (quivered)
Armour
 d - a +0 ring mail (worn)
 h - a +0 plate armour
Scrolls
 a - 2 scrolls of identify
 f - 2 scrolls of teleportation
Potions
 b - a potion of heal wounds {unknown}
 g - a potion of cancellation
 i - a potion of magic {unknown}
 k - 6 potions of curing
 m - a potion of flight {unknown}

Dungeon Overview and Level Annotations

Branches:
Dungeon (4/15)
 Temple: D:4-7

Altars:
Dithmenos
Makhleb
Vehumet
Xom


Message History

Found a stone staircase leading down.
An orc wizard and 2 orcs come into view.
The orc wizard shouts!
The orc shouts! x2; You hear a shout!
A hound comes into view.
The orc wizard casts a spell.
The orc wizard flickers and vanishes!
Deactivating autopickup; reactivate with Ctrl-A.
The hound moves out of view.
Enter note: An orc wizard comes into view.
It is wielding a +0 dagger.
The orc wizard shouts!
An orc priest comes into view. It is wielding a +0 club.
The hound barks!
A magic dart appears from out of thin air!
The magic dart hits you! The orc barely misses you. The orc misses you.
You slash the hound! Your kick misses the hound.
The hound is heavily wounded.
You slash the orc!
You kill the orc!
You hit the orc. The hound bites you. The hound bites you but does no damage.
Your Axes skill increases to level 5!
You completely miss the hound.
The hound is heavily wounded.
You closely miss something. You closely miss the orc wizard. You hit the orc.
The hound bites you but does no damage. The orc closely misses you.
Something completely misses you.
The orc wizard hits you but does no damage.
The hound barely misses you.
You slash the orc!
You kill the orc!
You barely miss the orc wizard. You barely miss something. You miss the hound.
The hound bites you. The orc wizard casts a spell at you.
You resist with some effort. The hound bites you.
The orc priest invokes the aid of Beogh against you.
Beogh smites you!
Ouch! That really hurt!
You die...

..#.# .. .#..
####. ...#..#. .
.. ##...... .#
...#...... #.##
#..##....##...#
......ooh....###
..#...)@..##...##
................##
.....?...........#
...........##...#
...........##..#
##.##...#....#
#.#........##
#......#...###
......###....##


You could see a hound, an orc priest and an orc wizard.

Vanquished Creatures
  An adder (D:3)
  4 dart slugs
  6 orcs
  8 ball pythons
  A bat (D:1)
  7 endoplasms
  2 giant cockroaches (D:1)
  4 goblins
  3 hobgoblins
  5 kobolds
  3 quokkas (D:2)
  6 frilled lizards (D:1)
  5 rats
55 creatures vanquished.

Vanquished Creatures (others)
  A fungus (D:1)
  4 plants (D:1)
5 creatures vanquished.

Grand Total: 60 creatures vanquished

Notes
Turn   | Place    | Note
-------+----------+-------------------------------------------
     0 | D:1      | qw the Tengu Warper began the quest for the Orb.
     0 | D:1      | Reached XP level 1. HP: 12/12 MP: 4/4
     0 | D:1      | 0 ||| qw: Version: 0.1-a-89-g26bdef1
     0 | D:1      | 0 ||| qw: Game counter: 1609
     0 | D:1      | 0 ||| qw: Always use a shield: true
     0 | D:1      | 0 ||| qw: God list: Okawaru
     0 | D:1      | 0 ||| qw: Allow faded altars: false
     0 | D:1      | 0 ||| qw: Do Orc after D:15 true
     0 | D:1      | 0 ||| qw: Do second Lair branch before Depths: true
     0 | D:1      | 0 ||| qw: Lair rune preference: random
     0 | D:1      | 0 ||| qw: Plans: Normal
     0 | D:1      | 0 ||| PLANNING D:1-11
   220 | D:1      | Reached skill level 3 in Axes
   220 | D:1      | Reached XP level 2. HP: 17/17 MP: 6/6
   791 | D:1      | Found a faded altar of an unknown god.
   794 | D:1      | Reached XP level 3. HP: 21/21 MP: 7/7
   799 | D:1      | 799 ||| Stepping ~*~*~tactically~*~*~ (stealth).
   933 | D:1      | 933 ||| UPGRADING to +0 ring mail.
   943 | D:1      | 943 ||| DROPPING +0 leather armour.
   944 | D:1      | 944 ||| READING 3 scrolls labelled NYNYID DULEIW.
   945 | D:1      | 945 ||| READING 2 scrolls labelled KAFYMNU TAEHEP.
   946 | D:1      | 946 ||| READING scroll labelled ZYDDOU AVOIL.
   951 | D:1      | 951 ||| READING scroll labelled ICIUNO HEJUTZOR.
   952 | D:1      | 952 ||| DRINKING 2 blue potions.
   953 | D:1      | 953 ||| READING 2 scrolls of identify.
   953 | D:1      | 953 ||| IDENTIFYING metallic silvery potion
   954 | D:1      | 954 ||| DROPPING scroll of blinking.
   955 | D:1      | 955 ||| DROPPING potion of degeneration.
   956 | D:1      | 956 ||| DROPPING scroll of poison.
  1034 | D:2      | Reached skill level 4 in Axes
  1078 | D:2      | 1078 ||| FLEEEEING.
  1079 | D:2      | 1079 ||| FLEEEEING.
  1080 | D:2      | 1080 ||| FLEEEEING.
  1081 | D:2      | 1081 ||| FLEEEEING.
  1082 | D:2      | 1082 ||| FLEEEEING.
  1083 | D:2      | 1083 ||| FLEEEEING.
  1084 | D:2      | 1084 ||| FLEEEEING.
  1085 | D:2      | 1085 ||| FLEEEEING.
  1086 | D:2      | 1086 ||| FLEEEEING.
  1087 | D:2      | 1087 ||| STAIRDANCE
  1190 | D:1      | 1190 ||| READING scroll labelled DOETZEINKA.
  1324 | D:2      | 1324 ||| STAIRDANCE
  1462 | D:2      | 1462 ||| DROPPING +0 club.
  1496 | D:2      | 1496 ||| Stepping ~*~*~tactically~*~*~ (stealth).
  1520 | D:2      | 1520 ||| Stepping ~*~*~tactically~*~*~ (stealth).
  1714 | D:2      | 1714 ||| SWAPPING to +0 broad axe.
  1767 | D:2      | 1767 ||| DROPPING +0 hand axe.
  1871 | D:2      | 1871 ||| Stepping ~*~*~tactically~*~*~ (hiding).
  1891 | D:2      | 1891 ||| Stepping ~*~*~tactically~*~*~ (stealth).
  2064 | D:2      | 2064 ||| READING scroll labelled IHICOG ILUY.
  2065 | D:2      | 2065 ||| READING scroll labelled HURIDY RYHIKE.
  2066 | D:2      | 2066 ||| DRINKING 2 murky blue potions.
  2167 | D:2      | 2167 ||| DRINKING 2 cyan potions.
  2168 | D:2      | 2168 ||| READING 2 scrolls of identify.
  2168 | D:2      | 2168 ||| IDENTIFYING murky puce potion
  2169 | D:2      | 2169 ||| DROPPING potion of lignification.
  2170 | D:2      | 2170 ||| DROPPING potion of ambrosia.
  2171 | D:2      | 2171 ||| DROPPING potion of attraction.
  2196 | D:3      | 2196 ||| STAIRDANCE
  2212 | D:3      | 2212 ||| DROPPING +0 whip.
  2461 | D:3      | Reached XP level 4. HP: 26/26 MP: 8/8
  2683 | D:3      | Found a radiant altar of Vehumet.
  2811 | D:3      | Found a shadowy altar of Dithmenos.
  2820 | D:3      | Found a shimmering altar of Xom.
  2885 | D:3      | Found a burning altar of Makhleb.
  2885 | D:3      | Noticed a blizzard demon
  2887 | D:3      | 2887 ||| DROPPING ring of wizardry.
  2888 | D:3      | 2888 ||| READING 3 scrolls labelled MIEK TICUNOT.
  2889 | D:3      | 2889 ||| DRINKING 2 red potions.
  2890 | D:3      | 2890 ||| READING 2 scrolls of identify.
  2890 | D:3      | 2890 ||| IDENTIFYING grey potion
  2891 | D:3      | 2891 ||| DROPPING 2 scrolls of immolation.
  2892 | D:3      | 2892 ||| DROPPING potion of brilliance.
  3046 | D:4      | 3046 ||| Stepping ~*~*~tactically~*~*~ (stealth).
  3241 | D:4      | Reached skill level 5 in Axes
  3242 | D:4      | Killed from afar by an orc priest

Levels and vault maps discovered:
D:1:      lemuel_arrival_behind_the_door_large, layout_basic,
          shapermc_ecumenical_altar_mp_ritualfount
D:2:      layout_basic, grunt_ministairs_1, minmay_hexomino_p4
D:3:      layout_basic, mainiacjoe_overflow_brackets, makhleb_altar_promises_db,
          mainiacjoe_overflow_swirl
D:4:      layout_cave_pools, corexii_checkpoint_a

Skill      XL: |  1  2  3  4 |
---------------+-------------+-----
Axes           | 3 4 5 |  5.0
Fighting       | |  2.0
Throwing       | |  1.0
Armour         | |  1.1
Dodging        | |  2.1
Spellcasting   | |  2.0
Translocations | |  2.4

Action                   |  1- 3 |  4- 6 || total
-------------------------+-------+-------++-------
Melee: Hand axe          |    60 |       ||    60
       Kick              |    13 |     2 ||    15
       Peck              |     9 |     2 ||    11
       Broad axe         |    13 |    19 ||    32
       Punch             |     1 |       ||     1
Throw: Boomerang         |     7 |     1 ||     8
       Javelin           |    31 |     2 ||    33
  Use: Scroll            |     9 |     2 ||    11
       Potion            |     3 |     1 ||     4
Armor: Leather armour    |     9 |       ||     9
       Ring mail         |     4 |     7 ||    11
Dodge: Dodged            |    33 |    12 ||    45

Table legend:
 A = Non-vault XP
 B = Vault XP
 C = Vault XP percentage of total XP
 D = Non-vault monster count
 E = Vault monster count
 F = Vault count percentage of total count
                 A         B        C        D         E       F
            +---------+---------+-------+---------+---------+-------
      Total |     109 |      10 |   8.4 |      50 |       5 |   9.1
            +---------+---------+-------+---------+---------+-------
        D:1 |      38 |       0 |   0.0 |      23 |       0 |   0.0
        D:2 |      31 |       5 |  13.9 |      17 |       3 |  15.0
        D:3 |      26 |       0 |   0.0 |       5 |       0 |   0.0
        D:4 |      14 |       5 |  26.3 |       5 |       2 |  28.6
            +---------+---------+-------+---------+---------+-------
